 Dungeon Crawl Stone Soup version 0.26-a0-810-ge1a9524b62 (webtiles) character file.

Game seed: 12555515823469978780

100 mhtbhm the Shield-Bearer (level 4, -3/43 HPs)
             Began as a Gargoyle Fighter on Nov 12, 2020.
             Slain by an orc priest
             ... wielding a +0 flail
              (6 damage)
             ... on level 4 of the Dungeon.
             The game lasted 00:02:25 (1800 turns).

mhtbhm the Shield-Bearer (Gargoyle Fighter)         Turns: 1800, Time: 00:02:25

Health: -3/43      AC: 11    Str: 21    XL:     4   Next: 74%
Magic:  4/4        EV:  7    Int:  8    God:
Gold:   132        SH: 14    Dex:  9    Spells: 3/3 levels left

rFire    . . .     SeeInvis .   a - +0 flail
rCold    . . .     Faith    .   c - +0 kite shield
rNeg     + + .     Spirit   .   b - +0 scale mail
rPois    ∞         Reflect  +   k - +1 hat
rElec    +         Harm     .   (no cloak)
rCorr    .         Rampage  .   (no gloves)
MR       .....                  (no boots)
Stlth    ..........             f - amulet of reflection
HPRegen  0.14/turn              e - ring of positive energy
MPRegen  0.09/turn              (no ring)

@: berserking, very quick
A: negative energy resistance 1, electricity resistance, unbreathing,
petrification resistance, rot immunity, AC +3
a: no special abilities


You were on level 4 of the Dungeon.
You visited 1 branch of the dungeon, and saw 4 of its levels.

You collected 132 gold pieces.

Inventory:

Hand Weapons
 a - a +0 flail (weapon)
Armour
 b - a +0 scale mail (worn)
 c - a +0 kite shield (worn)
 k - a +1 hat (worn)
Jewellery
 e - a ring of positive energy (left hand)
 f - an amulet of reflection (around neck)
Scrolls
 g - a scroll of amnesia {unknown}
 h - a scroll of fog {unknown}
 i - a scroll of enchant weapon {unknown}
 j - 3 scrolls of magic mapping {unknown}
 l - 2 scrolls of remove curse {unknown}
 m - a scroll of immolation {unknown}
 p - 2 scrolls of teleportation {unknown}
Potions
 d - a potion of might
 n - a potion of flight {unknown}
 o - a potion of attraction {unknown}


   Skills:
 + Level 4.1 Fighting
 + Level 3.0 Maces & Flails
 + Level 3.5 Armour
 + Level 0.6 Dodging
 + Level 4.2 Shields


You had 3 spell levels left.
You didn't know any spells.
Your spell library was empty.

Dungeon Overview and Level Annotations

Branches:
Dungeon (4/15)
 Temple: D:4-7

Altars:
Trog


Innate Abilities, Weirdness & Mutations

You are resistant to torment.
Your stone body is resilient. (AC +3)
You are immune to poison.
You resist negative energy. (rN+)
You are resistant to electric shocks. (rElec)
You can survive without breathing.
You are immune to petrification.
You are immune to rotting.


Message History

Found an escape hatch in the ceiling.
Found a stone staircase leading up.
There is a stone staircase leading up here.
Unknown command.
It was a potion of berserk rage.
A red film seems to cover your vision as you go berserk!
You feel yourself moving faster!
You feel mighty!
The jackal bites you but does no damage.
You block the jackal's attack.
The orc priest hits you but does no damage.
You block the orc's attack.
You closely miss the orc priest. You block the jackal's attack.
A hound comes into view.
You block the jackal's attack.
A worker ant comes into view.
The jackal bites you but does no damage.
You closely miss the orc priest.
The hound barks!
The jackal barely misses you. You block the orc's attack. x2
The orc priest hits you with a +0 flail.
You die...

...........
..........#
..........# #
<.........# #.#
.......... ....
.......o.#.....
......hoo.....#
......o@h.h#
...........<...
#####..........
#......#..##
......... ..#
.....#.#### ..
........# .
......B.#


You could see a hound, a worker ant, an orc priest, 3 orcs and 2 jackals.

Vanquished Creatures
  2 adders (D:2)
  A worm (D:2)
  A dart slug (D:2)
  4 leopard geckos
  An orc (D:3)
  9 bats
  4 giant cockroaches
  8 goblins
  8 hobgoblins
  5 jackals
  A quokka (D:2)
  4 frilled lizards
  9 kobolds
  10 rats
67 creatures vanquished.

Notes
Turn   | Place    | Note
-------+----------+-------------------------------------------
     0 | D:1      | mhtbhm the Gargoyle Fighter began the quest for the Orb.
     0 | D:1      | Reached XP level 1. HP: 14/14 MP: 1/1
   121 | D:1      | Reached XP level 2. HP: 19/19 MP: 2/2
   342 | D:1      | Reached XP level 3. HP: 24/24 MP: 3/3
   942 | D:2      | Reached XP level 4. HP: 29/29 MP: 4/4
  1395 | D:2      | Found a bloodstained altar of Trog.
  1796 | D:3      | HP: 1/29 [orc priest/divine providence (15)]
  1800 | D:4      | Slain by an orc priest

Illustrated notes

Levels and vault maps discovered:
D:1:      doesnt_arrival_eight_statues, layout_loops_cross
D:2:      layout_loops_ring, lemuel_coloured_pillars_altar
D:3:      layout_basic
D:4:      layout_rooms, lemuel_blue_sif_altar

Skill      XL: |  1  2  3  4 |
---------------+-------------+-----
Shields        | 4 |  4.2
Fighting       | 4 |  4.1
Maces & Flails | 3 |  3.0
Armour         | |  3.5
Dodging        | |  0.6

Action                   |  1- 3 |  4- 6 || total
-------------------------+-------+-------++-------
Melee: Flail             |   144 |    79 ||   223
  Use: Potion            |       |     1 ||     1
Armor: Scale mail        |    68 |    33 ||   101
Dodge: Dodged            |    32 |    19 ||    51
Block: Kite shield       |   136 |    67 ||   203
       Reflection        |     5 |     6 ||    11

Table legend: (Time is in decaauts)
 A = Elapsed time spent in this place.
 B = Non-inter-level travel time spent in this place.
 C = Inter-level travel time spent in this place.
 D = Time resting spent in this place.
 E = Time spent auto-exploring this place.
 F = Levels seen in this place.
 G = Mean time per level.
                   A        B        C        D        E       F      G
               +--------+--------+--------+--------+--------+-----+--------+
         Total |   1876 |   1876 |      0 |     52 |   1156 |   4 |  469.0 |
       Dungeon |   1876 |   1876 |      0 |     52 |   1156 |   4 |  469.0 |
               +--------+--------+--------+--------+--------+-----+--------+

Top non-repeatable levels by time:
     D:2: 927 daAuts
     D:1: 714 daAuts
     D:3: 231 daAuts
     D:4: 2 daAuts
